Map: Persephone LE

Players

Calamardo - Winner!

  • Race: Terran Terran
  • League: Diamond
  • Spawn Location: 7:00

LigerMaNN

  • Race: Zerg Zerg
  • League: Diamond
  • Spawn Location: 11:00

VOD

Have the link to the VOD?

Description

Time

  • Played on: June 3, 2025, 11:39 p.m.
  • Length: 18:16
Show
View Real Time Build Order
Export as new Build Order

Calamardo Terran - Winner!

Build Orders:  

Get SALT Encoding   

  12  0:03  SCV  
  13  0:15  SCV  
  13  0:18  Supply Depot  
  14  0:27  SCV  
  15  0:41  Barracks  
  15  0:43  SCV  
  16  0:55  SCV  
  17  1:13  Command Center  
  17  1:18  SCV  
  18  1:32  Marine  
  20  1:34  Barracks  
  19  1:40  Orbital Command  
  19  1:50  Supply Depot  
  19  1:51  Marine  
  20  2:08  SCV  
  21  2:16  Marine  
  21  2:22  SCV  
  23  2:27  Orbital Command  
  23  2:29  Marine  
  24  2:34  Marine, SCV  
  26  2:42  Refinery  
  26  2:46  Marine, SCV  
  28  2:57  Marine  
  29  2:59  SCV  
  29  3:05  Bunker  
  30  3:07  Marine  
  30  3:09  SCV  
  32  3:15  Marine  
  32  3:16  Refinery, SCV  
  34  3:30  Supply Depot, SCV  
  34  3:31  SCV  
  36  3:39  Command Center  
  36  3:57  Bunker, SCV x2  
  38  4:15  Command Center, SCV x2  
  40  4:17  Factory  
  40  4:27  SCV x2  
  42  4:32  Supply Depot  
  42  4:37  Barracks Tech Lab  
  42  4:42  SCV x2  
  42  4:44  Barracks Reactor  
  44  4:54  SCV x2  
  44  4:57  Supply Depot, Factory  
  46  5:11  Supply Depot, SCV x2  
  46  5:12  SCV  
  49  5:32  SCV x2  
  49  5:34  Orbital Command  
  49  5:35  Factory Reactor  
  51  5:40  Orbital Command  
  51  5:41  Factory Tech Lab  
  50  5:47  Engineering Bay  
  50  5:50  Marine x2, SCV  
  50  5:51  SCV  
  54  6:01  SCV  
  54  6:02  SCV  
  54  6:03  SCV  
  57  6:04  Refinery  
  57  6:07  Refinery  
  57  6:12  Cyclone  
  57  6:13  SCV, Widow Mine x2  
  57  6:17  SCV x2  
  57  6:18  Missile Turret  
  67  6:19  Missile Turret  
  67  6:24  Missile Turret  
  67  6:25  Missile Turret, SCV x2  
  69  6:26  Marine x2  
  69  6:29  SCV  
  69  6:32  Missile Turret x2  
  72  6:34  Widow Mine  
  72  6:35  Missile Turret  
  76  6:47  Widow Mine x2  
  76  6:54  Mag-Field Accelerator, SCV x2  
  78  6:55  SCV  
  78  6:59  Marine x3  
  78  7:01  Hellion  
  86  7:08  Cyclone  
  86  7:09  Missile Turret  
  89  7:16  Widow Mine  
  89  7:17  SCV x4  
  89  7:22  Hellion  
  97  7:29  SCV  
  99  7:30  SCV x2  
  101  7:37  Hellion  
  101  7:41  Hellion, SCV  
  105  7:57  Orbital Command  
  105  8:02  Cyclone  
  101  8:16  Widow Mine x2  
  105  8:21  Missile Turret x2  
  105  8:26  Missile Turret x2  
  105  8:31  SCV x3  
  108  8:41  Missile Turret  
  108  8:44  Supply Depot x2  
  108  8:45  Supply Depot  
  108  8:50  Cyclone, SCV x2  
  108  8:51  Widow Mine x2  
  117  9:01  Factory  
  117  9:03  Factory  
  117  9:08  Supply Depot  
  117  9:09  Infernal Pre-Igniter  
  117  9:12  Widow Mine  
  117  9:13  Widow Mine  
  121  9:22  Cyclone  
  122  9:34  Widow Mine x2  
  122  9:36  SCV x2  
  122  9:37  SCV  
  129  9:39  Refinery  
  129  9:41  Refinery  
  129  9:42  Armory x2  
  129  9:47  Factory Reactor  
  129  9:54  Cyclone  
  129  9:57  Factory Tech Lab  
  132  10:00  Orbital Command  
  132  10:24  Missile Turret  
  132  10:25  Missile Turret  
  132  10:26  Siege Tank  
  134  10:31  Siege Tank  
  134  10:32  Hellion x4  
  103  10:53  Hellion x3  
  103  10:54  Hellion  
  103  10:56  Terran Vehicle Weapons Level 1  
  105  10:57  Terran Vehicle And Ship Armor Level 1  
  105  10:58  Siege Tank  
  105  11:03  Siege Tank  
  109  11:08  SCV  
  109  11:09  SCV x2  
  112  11:15  Hellion x4  
  112  11:17  SCV  
  121  11:21  SCV x3  
  124  11:29  SCV  
  124  11:31  Hellion  
  123  11:35  Hellion  
  123  11:36  Hellion, SCV x3  
  130  11:41  SCV  
  130  11:46  Factory x2  
  131  11:48  SCV x3  
  131  11:50  Command Center  
  131  11:51  Thor  
  140  11:56  Thor  
  130  12:11  Widow Mine x2  
  130  12:12  Widow Mine x2  
  138  12:17  Marine  
  138  12:18  SCV x3  
  138  12:19  SCV  
  143  12:30  SCV x2  
  143  12:32  Command Center  
  143  12:35  Factory Tech Lab  
  143  12:36  Factory Reactor  
  145  12:37  Widow Mine  
  145  12:39  Widow Mine  
  145  12:42  Refinery  
  145  12:43  Refinery  
  147  12:51  Widow Mine  
  145  13:04  Hi-Sec Auto Tracking  
  145  13:06  Sensor Tower  
  145  13:08  Terran Vehicle Weapons Level 2  
  145  13:09  Terran Vehicle And Ship Armor Level 2  
  145  13:10  Sensor Tower  
  145  13:12  Hellion x3  
  153  13:13  Hellion  
  153  13:14  Hellion, Widow Mine x2  
  153  13:15  Hellion x2  
  163  13:21  Supply Depot, Planetary Fortress  
  163  13:22  Supply Depot x2  
  163  13:43  Hellion  
  165  13:50  Siege Tank x3  
  165  13:51  Hellion x4  
  182  14:01  Neosteel Armor  
  148  14:21  Hellion x6  
  148  14:22  Siege Tank x3  
  169  14:42  Hellion x3  
  168  15:00  Thor x3  
  168  15:01  Hellion  
  168  15:02  Hellion x2  
  168  15:04  Hellion  
  172  15:43  Thor x3  
  180  16:23  Planetary Fortress  
  180  16:25  Thor  
  180  16:31  Thor  
  186  16:33  Thor  
  139  17:03  Hellion x4  
  139  17:05  Orbital Command  
  135  17:08  Thor  
  135  17:14  Thor  
  147  17:17  Hellion, SCV  
  147  17:18  SCV x2  
  152  17:24  Hellion x4  
  154  17:38  Hellion  
  135  17:45  Hellion x2  
  135  17:46  Hellion x2  
Show
View Real Time Build Order
Export as new Build Order

LigerMaNN Zerg 

Build Orders: Hatch First 

Get SALT Encoding   

  12  0:03  Drone  
  13  0:13  Overlord  
  13  0:16  Drone  
  14  0:32  Drone x2  
  16  0:47  Hatchery  
  15  0:53  Drone  
  15  0:54  Drone  
  17  1:09  Spawning Pool  
  16  1:12  Drone  
  16  1:15  Drone  
  18  1:19  Drone  
  19  1:35  Overlord  
  19  1:55  Drone  
  19  1:56  Drone  
  19  2:00  Drone, Queen x2  
  26  2:08  Drone  
  27  2:10  Drone  
  28  2:25  Overlord  
  28  2:26  Overlord  
  28  2:30  Hatchery  
  28  2:32  Drone  
  28  2:43  Queen  
  30  2:50  Extractor  
  30  2:51  Drone x3, Extractor  
  31  2:52  Drone  
  32  2:58  Drone x2  
  34  3:16  Drone x6  
  40  3:27  Overlord x2  
  40  3:32  Extractor  
  40  3:33  Extractor  
  38  3:42  Drone x2  
  38  3:43  Drone  
  41  3:55  Drone x9  
  47  3:58  Lair  
  50  4:17  Queen  
  50  4:23  Zergling x10  
  57  4:25  Metabolic Boost  
  57  4:52  Zergling x2  
  58  4:59  Overlord  
  58  5:00  Overlord x2, Spire  
  58  5:01  Overlord  
  58  5:06  Queen  
  59  5:31  Hatchery  
  58  5:43  Drone x11  
  67  6:16  Mutalisk x6  
  79  6:24  Evolution Chamber  
  78  6:26  Drone x3, Evolution Chamber  
  78  6:28  Overlord x3  
  78  6:32  Drone  
  81  6:36  Zerg Flyer Weapons Level 1  
  81  6:45  Drone x3  
  83  7:02  Mutalisk  
  83  7:03  Mutalisk x7  
  83  7:07  Zerg Melee Weapons Level 1, Zerg Ground Armor Level 1  
  99  7:10  Queen  
  99  7:11  Extractor x2  
  99  7:25  Mutalisk x2  
  99  7:26  Mutalisk  
  105  7:31  Overlord x3  
  105  7:32  Overlord x2  
  105  7:39  Drone x2  
  105  7:40  Drone, Baneling Nest  
  105  7:41  Drone  
  96  8:13  Drone x11  
  96  8:14  Drone x2  
  109  8:30  Centrifugal Hooks  
  109  8:35  Hatchery  
  109  8:36  Hatchery  
  109  8:38  Zergling x20, Hatchery  
  116  8:51  Hatchery  
  115  9:02  Zergling x22  
  125  9:15  Baneling x14  
  125  9:16  Baneling x4  
  106  9:34  Zergling x2  
  106  9:35  Zergling x28  
  121  9:52  Zergling x8  
  125  9:53  Zergling x16  
  125  9:54  Zerg Melee Weapons Level 2, Zerg Ground Armor Level 2  
  125  9:57  Zerg Flyer Weapons Level 2  
  125  9:58  Infestation Pit  
  132  10:02  Zergling x12, Hydralisk Den  
  83  10:55  Zergling x52  
  99  11:15  Drone x14  
  113  11:19  Extractor  
  113  11:20  Extractor  
  113  11:21  Hive  
  113  11:22  Muscular Augments  
  100  11:33  Zergling x32  
  116  11:41  Baneling x18  
  116  11:42  Baneling x11  
  116  11:51  Hydralisk x16  
  125  12:14  Drone x2  
  125  12:15  Drone  
  128  12:16  Drone x2  
  128  12:17  Drone  
  128  12:18  Drone x6  
  128  12:19  Drone x2  
  128  12:20  Hydralisk  
  128  12:21  Hydralisk x8  
  157  12:26  Grooved Spines  
  157  12:37  Ultralisk Cavern  
  154  13:17  Hatchery  
  153  13:23  Chitinous Plating  
  153  13:26  Zerg Melee Weapons Level 3, Zerg Ground Armor Level 3  
  153  13:28  Ultralisk x2  
  153  13:29  Ultralisk x3  
  183  13:34  Overlord x4  
  183  13:55  Ultralisk x4  
  182  14:17  Zergling x20  
  182  14:18  Zergling x14  
  182  14:22  Adrenal Glands  
  199  14:42  Anabolic Synthesis  
  190  14:58  Zerg Flyer Weapons Level 3  
  180  15:35  Drone  
  180  15:36  Drone x15  
  180  15:37  Drone x4  
  194  15:47  Drone x13  
  194  15:48  Drone x4  
  187  16:01  Unknown  
  187  16:02  Drone  
  187  16:03  Drone x2, Zerg Missile Weapons Level 1  
  191  16:04  Drone x3  
  191  16:08  Extractor  
  191  16:10  Extractor  
  191  16:15  Spine Crawler  
  191  16:16  Spine Crawler  
  191  16:18  Drone x11, Spine Crawler  
  199  16:19  Spine Crawler x2  
  199  16:20  Spine Crawler  
  199  16:24  Spine Crawler  
  167  16:51  Zergling x54  
  167  16:52  Zergling x10  
  122  17:09  Ultralisk x6  
  122  17:11  Ultralisk  
  164  17:15  Baneling  
  150  17:44  Zergling x24  
  155  17:45  Zergling x2  
Tags
 
Matchup
TvZ
Replay Pack
June 2025
Spawn Locations
Close Positions
Add a new tag
Caveats
  • Supply blocks, unpowered buildings, or Contaminate may cause inaccurate times.
  • Supply counts are checked every 10 seconds.